 Dungeon Crawl Stone Soup version 0.31-a0-177-g4aa6249778 (webtiles) character file.

Game seed: 13829745481873172975

639 qw the Shooter (level 7, -3/64 HPs)
             Began as a Naga Hunter on June 18, 2023.
             Slain by a water moccasin (8 damage)
             ... on level 5 of the Dungeon.
             The game lasted 00:01:19 (4077 turns).

qw the Shooter (Naga Hunter)                        Turns: 4077, Time: 00:01:20

Health: -3/64      AC:  3    Str: 13    XL:     7   Next: 50%
Magic:  7/7        EV: 10    Int: 10    God:
Gold:   225        SH:  0    Dex: 16    Spells: 6/6 levels left

rFire   + . .        Y - +1 shortbow
rCold   . . .        (shield currently unavailable)
rNeg    . . .        c - +0 leather armour
rPois   +            (no helmet)
rElec   .            (no cloak)
rCorr   .            (no gloves)
SInv    +            (no barding)
Will    .....        (no amulet)
Stlth   ++           m - ring "Zeqefuru" {rF+ SInv}
HPRegen 0.30/turn    (no ring)
MPRegen 0.10/turn

%: no passive effects
@: lethally poisoned (-3 -> -6), very slow
A: AC +2, large, see invisible, deformed body, poison resistance, slowness 2,
spit poison 1, naga tail 1
a: Spit Poison


You were on level 5 of the Dungeon.
You visited 2 branches of the dungeon, and saw 6 of its levels.

You collected 225 gold pieces.


Innate Abilities, Weirdness & Mutations

Your serpentine skin is tough. (AC +2)
You have supernaturally acute eyesight. (SInv)
Armour fits poorly on your strangely shaped body.
Your system is resistant to poisons. (rPois)
You cover ground very slowly.
You can spit poison.
You have a snake-like lower body.


   Skills:
 - Level 4.1 Fighting
 + Level 7.0 Ranged Weapons
 - Level 2.5 Dodging
 - Level 1.5 Stealth


You had 6 spell levels left.
You didn't know any spells.
Your spell library was empty.

Inventory:

Hand Weapons
 Y - a +1 shortbow (weapon)
Armour
 c - a +0 leather armour (worn)
Jewellery
 m - the ring "Zeqefuru" (left hand) {rF+ SInv}
   (You found it on level 4 of the Dungeon)

   [ring of protection from fire]

   rF:        It protects you from fire.
   SInv:      It lets you see invisible.
Wands
 i - a wand of digging (5)
Potions
 a - a potion of haste {unknown}
 b - a potion of ambrosia {unknown}
 d - a potion of heal wounds {unknown}
 e - a potion of magic {unknown}
 f - a potion of degeneration {unknown}
 g - 3 potions of enlightenment
 h - 3 potions of curing {unknown}
 j - a potion of attraction {unknown}
 k - a potion of mutation {unknown}

Dungeon Overview and Level Annotations

Branches:
Dungeon (5/15)             Temple (1/1) D:4

Altars:
Ashenzari
Dithmenos
Elyvilon
Fedhas
Gozag
Hepliaklqana
Kikubaaqudgha
Makhleb
Nemelex Xobeh
Ru
Sif Muna
Trog
Uskayaw
Vehumet
Wu Jian
Xom
Yredelemnul
Zin
The Shining One

Annotations:
D:4 1 runed translucent door, qw's ghost, amateur GrFi


Message History

You shoot an arrow. The arrow hits the water moccasin!
The water moccasin is heavily wounded.
The water moccasin bites you.
You shoot an arrow.
The arrow closely misses the water moccasin.
The water moccasin bites you but does no damage.
You shoot an arrow.
The arrow barely misses the water moccasin.
The water moccasin bites you.
A hound comes into view.
The water moccasin bites you!
You shoot an arrow.
The arrow barely misses the water moccasin.
The arrow closely misses the hound.
The water moccasin misses you.
You shoot an arrow.
The arrow closely misses the water moccasin.
The water moccasin bites you! x2
You shoot an arrow.
The arrow hits the water moccasin but does no damage.
The water moccasin is moderately wounded.
The water moccasin bites you!
You are poisoned.
The water moccasin poisons you!
You shoot an arrow. The arrow misses the water moccasin.
You feel very sick. The water moccasin bites you.
The water moccasin misses you.
You shoot an arrow.
The arrow closely misses the water moccasin.
You feel sick. The water moccasin barely misses you.
You shoot an arrow.
The arrow closely misses the water moccasin.
You feel sick. The water moccasin misses you. The water moccasin bites you.
You shoot an arrow.
The arrow barely misses the water moccasin.
You feel sick. The water moccasin bites you.
You shoot an arrow. The arrow hits the water moccasin!
The water moccasin is severely wounded.
You feel sick. The water moccasin bites you!
You die...

.....#[# >...##.# ###
.<.....# ######..
.##.#### #......##
.##.......##...(...
.########.##......#
.....# #......# ####.#
#......# #.# # #.#
#....@.######## #.# #
#.# ####S#........# #.#
####.# ..h########.# #.#
.....########### #.# #.#
###........# #.# #.#
#.######.# #.# #%# #.#
#.# #.######.. #.# #.#
#......... ###.#
#.######################


You could see a water moccasin and a hound.

Vanquished Creatures
  3 black bears
  A scorpion (D:5)
  2 orc priests (D:5)
  2 iguanas (D:4)
  An orc wizard (D:5)
  8 adders
  2 dart slugs
  12 orcs
  6 ball pythons
  2 endoplasms (D:1)
  4 giant cockroaches
  6 goblins
  3 hobgoblins
  7 quokkas
  5 bats
  3 frilled lizards
  13 kobolds
  5 rats
85 creatures vanquished.

Notes
Turn   | Place    | Note
-------+----------+-------------------------------------------
     0 | D:1      | qw the Naga Hunter began the quest for the Orb.
     0 | D:1      | Reached XP level 1. HP: 19/19 MP: 1/1
     0 | D:1      | 0 ||| qw: Version: 0.3-a-5-g6f28e65
     0 | D:1      | 0 ||| qw: Game counter: 516
     0 | D:1      | 0 ||| qw: Always use a shield: true
     0 | D:1      | 0 ||| qw: God list: Okawaru
     0 | D:1      | 0 ||| qw: Allow faded altars: false
     0 | D:1      | 0 ||| qw: Do Orc after D:15 true
     0 | D:1      | 0 ||| qw: Do second Lair branch before Depths: true
     0 | D:1      | 0 ||| qw: Lair rune preference: random
     0 | D:1      | 0 ||| qw: Plans: Normal
     0 | D:1      | 0 ||| PLANNING D:1-11
    25 | D:1      | 25 ||| INVOKING Spit Poison.
    26 | D:1      | 26 ||| DROPPING +3 sling.
    42 | D:1      | 42 ||| INVOKING Spit Poison.
    60 | D:1      | 60 ||| INVOKING Spit Poison.
    64 | D:1      | 64 ||| INVOKING Spit Poison.
    82 | D:1      | 82 ||| INVOKING Spit Poison.
    84 | D:1      | Reached skill level 4 in Ranged Weapons
    84 | D:1      | Reached XP level 2. HP: 26/26 MP: 2/2
    88 | D:1      | 88 ||| INVOKING Spit Poison.
    93 | D:1      | 93 ||| INVOKING Spit Poison.
   135 | D:1      | 135 ||| INVOKING Spit Poison.
   139 | D:1      | 139 ||| INVOKING Spit Poison.
   158 | D:1      | 158 ||| INVOKING Spit Poison.
   166 | D:1      | 166 ||| INVOKING Spit Poison.
   247 | D:1      | 247 ||| INVOKING Spit Poison.
   251 | D:1      | 251 ||| INVOKING Spit Poison.
   257 | D:1      | 257 ||| INVOKING Spit Poison.
   260 | D:1      | 260 ||| INVOKING Spit Poison.
   267 | D:1      | Reached XP level 3. HP: 16/32 MP: 3/3
   364 | D:1      | 364 ||| INVOKING Spit Poison.
   367 | D:1      | 367 ||| INVOKING Spit Poison.
   475 | D:1      | 475 ||| INVOKING Spit Poison.
   509 | D:1      | 509 ||| INVOKING Spit Poison.
   606 | D:1      | 606 ||| READING scroll labelled IDWOPS YCWIL.
   607 | D:1      | 607 ||| READING scroll labelled OWNITY MUIXUHASEUSS.
   608 | D:1      | 608 ||| READING scroll labelled KOBETYSHOY.
   611 | D:1      | 611 ||| DROPPING scroll of butterflies.
   657 | D:2      | 657 ||| INVOKING Spit Poison.
   683 | D:2      | 683 ||| INVOKING Spit Poison.
   690 | D:2      | 690 ||| INVOKING Spit Poison.
   802 | D:2      | 802 ||| INVOKING Spit Poison.
   860 | D:2      | Found a faded altar of an unknown god.
   881 | D:2      | 881 ||| Stepping ~*~*~tactically~*~*~ (outnumbered).
   882 | D:2      | 882 ||| INVOKING Spit Poison.
   912 | D:2      | 912 ||| INVOKING Spit Poison.
   918 | D:2      | Reached skill level 5 in Ranged Weapons
   918 | D:2      | Reached XP level 4. HP: 31/39 MP: 4/4
   918 | D:2      | 918 ||| INVOKING Spit Poison.
   922 | D:2      | 922 ||| INVOKING Spit Poison.
   998 | D:2      | 998 ||| INVOKING Spit Poison.
  1049 | D:2      | 1049 ||| INVOKING Spit Poison.
  1257 | D:2      | 1257 ||| INVOKING Spit Poison.
  1301 | D:2      | 1301 ||| READING scroll labelled JIYLAPHAERGH.
  1374 | D:2      | 1374 ||| READING scroll labelled WEAM AFFANINT.
  1375 | D:2      | 1375 ||| READING scroll labelled EREUSIFFOI.
  1376 | D:2      | 1376 ||| READING scroll labelled CALUSE BUFAE.
  1377 | D:2      | 1377 ||| DRINKING 4 lumpy amethyst potions.
  1395 | D:3      | 1395 ||| PLANNING SEWER
  1415 | D:3      | You are sucked into a shaft and drop 1 floor!
  1423 | D:4      | 1423 ||| INVOKING Spit Poison.
  1465 | D:4      | 1465 ||| INVOKING Spit Poison.
  1492 | D:4      | 1492 ||| INVOKING Spit Poison.
  1499 | D:4      | 1499 ||| INVOKING Spit Poison.
  1502 | D:4      | 1502 ||| INVOKING Spit Poison.
  1504 | D:4      | Reached skill level 3 in Fighting
  1504 | D:4      | Reached XP level 5. HP: 33/49 MP: 5/5
  1775 | D:3      | 1775 ||| INVOKING Spit Poison.
  1781 | D:3      | 1781 ||| INVOKING Spit Poison.
  1787 | D:3      | 1787 ||| INVOKING Spit Poison.
  1792 | D:3      | 1792 ||| INVOKING Spit Poison.
  1935 | D:3      | 1935 ||| INVOKING Spit Poison.
  1941 | D:3      | 1941 ||| INVOKING Spit Poison.
  2023 | D:3      | 2023 ||| RIP SEWER
  2035 | D:3      | 2035 ||| PLANNING D:1-11
  2050 | D:3      | 2050 ||| INVOKING Spit Poison.
  2054 | D:3      | 2054 ||| INVOKING Spit Poison.
  2218 | D:3      | 2218 ||| INVOKING Spit Poison.
  2444 | D:3      | 2444 ||| READING scroll labelled QUINIRGH JUXZE.
  2478 | D:4      | Noticed a black bear
  2479 | D:4      | 2479 ||| INVOKING Spit Poison.
  2483 | D:4      | 2483 ||| INVOKING Spit Poison.
  2483 | D:4      | Killed a black bear
  2484 | D:4      | Reached skill level 6 in Ranged Weapons
  2484 | D:4      | Reached XP level 6. HP: 51/56 MP: 6/6
  2504 | D:4      | Found a staircase to the Ecumenical Temple.
  2505 | D:4      | 2505 ||| PLANNING TEMPLE
  2505 | D:4      | 2505 ||| READING scroll labelled GUUTOR TYMA.
  2517 | Temple   | Entered the Ecumenical Temple
  2550 | Temple   | 2550 ||| PLANNING D:1-11
  2590 | D:4      | Noticed a black bear
  2593 | D:4      | 2593 ||| INVOKING Spit Poison.
  2596 | D:4      | 2596 ||| INVOKING Spit Poison.
  2601 | D:4      | 2601 ||| INVOKING Spit Poison.
  2601 | D:4      | Killed a black bear
  2810 | D:4      | 2810 ||| INVOKING Spit Poison.
  2813 | D:4      | 2813 ||| INVOKING Spit Poison.
  2874 | D:4      | Identified the ring "Zeqefuru" {rF+ SInv}
  2879 | D:4      | 2879 ||| INVOKING Spit Poison.
  2885 | D:4      | 2885 ||| INVOKING Spit Poison.
  2927 | D:4      | 2927 ||| INVOKING Spit Poison.
  2932 | D:4      | Found a runed translucent door.
  2938 | D:4      | Noticed qw's ghost (amateur GrFi)
  3316 | D:4      | 3316 ||| UPGRADING to ring "Zeqefuru" {rF+ SInv}.
  3317 | D:4      | 3317 ||| READING scroll labelled JAEFYCA NONAL.
  3318 | D:4      | 3318 ||| DRINKING 2 yellow potions.
  3319 | D:4      | 3319 ||| DROPPING potion of invisibility.
  3353 | D:5      | Entered Level 5 of the Dungeon
  3354 | D:5      | 3354 ||| INVOKING Spit Poison.
  3461 | D:5      | 3461 ||| INVOKING Spit Poison.
  3464 | D:5      | Reached XP level 7. HP: 64/64 MP: 7/7
  3584 | D:5      | 3584 ||| INVOKING Spit Poison.
  3588 | D:5      | 3588 ||| INVOKING Spit Poison.
  3596 | D:5      | 3596 ||| INVOKING Spit Poison.
  3600 | D:5      | 3600 ||| INVOKING Spit Poison.
  3603 | D:5      | 3603 ||| INVOKING Spit Poison.
  3607 | D:5      | 3607 ||| INVOKING Spit Poison.
  3612 | D:5      | Reached skill level 7 in Ranged Weapons
  3758 | D:5      | 3758 ||| INVOKING Spit Poison.
  3764 | D:5      | 3764 ||| INVOKING Spit Poison.
  3771 | D:5      | 3771 ||| INVOKING Spit Poison.
  3775 | D:5      | 3775 ||| INVOKING Spit Poison.
  3780 | D:5      | 3780 ||| INVOKING Spit Poison.
  3903 | D:5      | 3903 ||| INVOKING Spit Poison.
  3906 | D:5      | 3906 ||| INVOKING Spit Poison.
  3912 | D:5      | 3912 ||| INVOKING Spit Poison.
  4074 | D:5      | HP: 16/64 [poisoned by a water moccasin]
  4076 | D:5      | HP: 5/64 [water moccasin (5)]
  4077 | D:5      | Slain by a water moccasin

Levels and vault maps discovered:
D:1:      onia_arrival_pyramid, layout_rooms
D:2:      layout_loops_cross, hellmonk_ecumenical_altar_crossroads
D:3:      layout_basic, portal_sewer_entry_d
D:4:      layout_loops_corners, minmay_temple_entry_sparse_star,
          ebering_ghost_sewer_d
D:5:      layout_basic
Temple:   hellmonk_temple_of_storms

Skill      XL: |  1  2  3  4  5  6  7 |
---------------+----------------------+-----
Ranged Weapons | 4 5 6 7 |  7.0
Fighting       | 3 4 |  4.1
Dodging        | 2 |  2.5
Stealth        | |  1.5

Action                     |  1- 3 |  4- 6 |  7- 9 || total
---------------------------+-------+-------+-------++-------
   Fire: Shortbow          |    88 |    94 |    56 ||   238
Ability: Spit Poison       |    25 |    31 |    14 ||    70
    Use: Scroll            |     3 |     7 |       ||    10
         Potion            |       |     2 |       ||     2
 Armour: Leather armour    |    14 |    17 |    12 ||    43
  Dodge: Dodged            |    36 |    45 |    28 ||   109

Table legend:
 A = Non-vault XP
 B = Vault XP
 C = Vault XP percentage of total XP
 D = Non-vault monster count
 E = Vault monster count
 F = Vault count percentage of total count
                 A         B        C        D         E       F
            +---------+---------+-------+---------+---------+-------
      Total |     899 |      14 |   1.5 |      84 |       1 |   1.2
            +---------+---------+-------+---------+---------+-------
        D:1 |      49 |       0 |   0.0 |      29 |       0 |   0.0
        D:2 |      63 |       0 |   0.0 |      14 |       0 |   0.0
        D:3 |      40 |      14 |  25.9 |      10 |       1 |   9.1
        D:4 |     377 |       0 |   0.0 |      17 |       0 |   0.0
        D:5 |     370 |       0 |   0.0 |      14 |       0 |   0.0
            +---------+---------+-------+---------+---------+-------
